 Dungeon Crawl Stone Soup version 0.27-a0-1196-g3e9cee4cb2 (webtiles) character file.

Game seed: 6229101847062781625

1817 senseless the Ruffian (level 8, -10/83 HPs)
             Began as a Troll Berserker on May 28, 2021.
             Was a High Priest of Trog.
             Mangled by an orc warrior
             ... wielding a +0 halberd
              (22 damage)
             ... in a bailey.
             The game lasted 00:16:42 (4095 turns).

senseless the Ruffian (Troll Berserker)             Turns: 4095, Time: 00:16:43

Health: -10/83     AC:  6    Str: 26    XL:     8   Next: 85%
Magic:  7/7        EV: 11    Int:  1    God:    Trog [*****.]
Gold:   326        SH:  0    Dex: 10    Spells: 7/7 levels left

rFire    . . .     SeeInvis .     - Unarmed
rCold    . . .     Faith    .   (no shield)
rNeg     . . .     Spirit   .   a - +0 animal skin
rPois    +         Reflect  .   n - +0 hat
rElec    +         Harm     .   h - +1 cloak {rPois}
rCorr    .         Rampage  .   (gloves unavailable)
Will     .....                  (boots unavailable)
Stlth    ++........             (no amulet)
HPRegen  1.23/turn              e - ring "Ankix" {Drain rElec rPois Int-3 Stlth+}
MPRegen  0.10/turn              (no ring)

@: on berserk cooldown, slowed, very slow
A: large, unfitting armour, claws 3, regeneration 1, shaggy fur 1, tough skin 1
a: Renounce Religion, Berserk, Trog's Hand, Brothers in Arms


You were in a bailey.
You worshipped Trog.
Trog was extremely pleased with you.
You visited 1 branch of the dungeon, and saw 7 of its levels.
You also visited: Ossuary and Bailey.

You collected 326 gold pieces.

Inventory:

Hand Weapons
 g - a +4 quarterstaff of flaming
 p - a +2 flail of protection
Missiles
 r - 9 poisoned darts
 t - 8 javelins
Armour
 a - a +0 animal skin (worn)
 h - a +1 cloak of poison resistance (worn)
 n - a +0 hat (worn)
Jewellery
 e - the ring "Ankix" (left claw) {Drain rElec rPois Int-3 Stlth+}
   (You acquired it on level 5 of the Dungeon)

   [ring of poison resistance]

   It affects your intelligence (-3).
   It insulates you from electricity.
   It protects you from poison.
   It drains your maximum health when unequipped.
   It makes you more stealthy.
Wands
 q - a wand of flame (24)
Scrolls
 f - a scroll of enchant weapon
Potions
 b - a potion of attraction
 c - 4 potions of curing
 d - a potion of might
 i - a potion of cancellation
 j - a potion of heal wounds {unknown}
 k - a potion of flight
 l - a potion of lignification {unknown}
 m - a potion of brilliance
 o - a potion of mutation {unknown}
 s - a potion of haste


   Skills:
 + Level 6.1 Fighting
 + Level 6.0 Dodging
 + Level 7.2 Unarmed Combat


You had 7 spell levels left.
You didn't know any spells.
Your spell library contained the following spells:

 Spells                   Type           Power      Damage    Failure   Level
 Magic Dart               Conj           0%         1d3       56%         1
 Searing Ray              Conj           0%         3d3       71%         2
 Confusing Touch          Hex            0%         N/A       91%         3
 Dazzling Flash           Conj/Hex       0%         N/A       91%         3
 Gell's Gravitas          Tloc           0%         N/A       91%         3
 Fulminant Prism          Conj/Hex       0%         3d6       100%        4
 Iskenderun's Mystic Bla  Conj/Tloc      0%         2d3       100%        4
 Petrify                  Tmut/Erth      0%         N/A       100%        4
 Metabolic Englaciation   Hex/Ice        0%         N/A       100%        5
 Yara's Violent Unravell  Hex/Tmut       0%         3d3       100%        5


Dungeon Overview and Level Annotations

Branches:
Dungeon (7/15)             Temple (0/1) D:6         Ossuary (visited)
 Bailey (1/1)

Altars:
Dithmenos
Fedhas
Okawaru
Trog
Wu Jian

Shops:
D:7 :


Innate Abilities, Weirdness & Mutations

You are too large for most types of armour.
You have claws for hands.
Your natural rate of healing is unusually fast.
You are covered in fur. (AC +1)
You have tough skin. (AC +1)


Message History

There is an empty arch of ancient stone here.
An orc comes into view. It is wielding a +0 halberd.
A red film seems to cover your vision as you go berserk!
You feel yourself moving faster!
You feel mighty!
The orc warrior shouts!
The orc shouts!
You feel a strong urge to attack something.
The orc barely misses you.
An orc comes into view. It is wielding a +0 spear.
The orc warrior closely misses you.
You feel your anger nearly subside.
You are no longer berserk.
You are exhausted.
You feel yourself slow down. The orc warrior closely misses you.
The orc knight roars a battlecry!
The orcs go into a battle-frenzy!
The orc misses you.
There is an empty arch of ancient stone here.
You closely miss the orc. The orc warrior barely misses you.
The orc closely misses you.
You barely miss the orc. The orc barely misses you.
The orc warrior closely misses you. The orc barely misses you.
The orc hits you from afar with a +0 spear!
The orc warrior hits you from afar with a +0 halberd!
The orc closely misses you.
You claw the orc!
You kill the orc!
Trog accepts your kill. The orc closely misses you.
The orc warrior completely misses you.
The orc hits you from afar with a +0 spear.
The orc hits you from afar with a +0 spear!
The orc warrior hits you from afar with a +0 halberd!!
The orc hits you from afar with a +0 spear.
* * * LOW HITPOINT WARNING * * *
The orc warrior hits you from afar with a +0 halberd!!
* * * LOW HITPOINT WARNING * * *
Okay, then.
You feel better. The orc barely misses you.
The orc hits you from afar with a +0 spear.
* * * LOW HITPOINT WARNING * * *
The orc warrior hits you from afar with a +0 halberd!!
You die...

### ##∩## #.∩@#
#o.)#
≈≈o≈≈..o.o..≈≈o
≈.oo≈.......≈oo
≈≈o≈≈.......≈≈o≈
.≈≈≈..#...#..≈≈≈
.....##...##....
##### ##∩## ####
##


You could see an orc knight, 2 orc warriors and 3 orcs.

Vanquished Creatures
  Eustachio (D:6)
  A steam dragon (D:6)
  Edmund (D:6)
  2 ogres (D:6)
  A necrophage (D:5)
  A centaur (D:6)
  A bullfrog (D:6)
  A scorpion (D:4)
  3 bullfrog zombies
  4 centaur zombies (Ossuary)
  2 human zombies (Ossuary)
  2 jellies (D:5)
  2 orc priests
  2 hounds
  A centaur skeleton (D:4)
  Crazy Yiuf (D:2)
  Jessica (D:2)
  An iguana (D:6)
  Natasha (twice) (D:2)
  An orc wizard (D:5)
  3 hound zombies (Ossuary)
  3 mummies (Ossuary)
  A howler monkey skeleton (D:5)
  6 adders
  2 gnolls (D:7)
  A shadow imp (D:6)
  2 adder zombies (Ossuary)
  5 worms
  A dart slug (D:2)
  20 orcs
  2 ball pythons
  7 endoplasms
  A giant cockroach (D:1)
  A gnoll zombie (Ossuary)
  6 hobgoblins
  15 jackals
  2 quokkas
  7 bats
  3 frilled lizards
  8 goblins
  3 goblin zombies (Ossuary)
  3 hobgoblin zombies (Ossuary)
  5 jackal zombies (Ossuary)
  2 kobolds
  6 kobold zombies (Ossuary)
  An orc zombie (Ossuary)
  3 quokka zombies (Ossuary)
  5 rats
  4 rat zombies (Ossuary)
159 creatures vanquished.

Vanquished Creatures (others)
  An orc wizard (D:6)
  An orc (D:6)
  A fungus (D:2)
3 creatures vanquished.

Grand Total: 162 creatures vanquished

Notes
Turn   | Place    | Note
-------+----------+-------------------------------------------
     0 | D:1      | senseless the Troll Berserker began the quest for the Orb.
     0 | D:1      | Reached XP level 1. HP: 22/22 MP: 0/0
   129 | D:1      | Found a faded altar of an unknown god.
   144 | D:1      | Reached XP level 2. HP: 29/29 MP: 1/1
   333 | D:1      | Reached ** piety under Trog
   334 | D:1      | Reached XP level 3. HP: 36/36 MP: 2/2
   592 | D:2      | Noticed Jessica
   598 | D:2      | Killed Jessica
   648 | D:2      | Reached XP level 4. HP: 45/45 MP: 3/3
   911 | D:2      | Reached skill level 4 in Unarmed Combat
   975 | D:2      | Noticed Natasha
   978 | D:2      | Killed Natasha
   979 | D:2      | Reached XP level 5. HP: 53/53 MP: 4/4
  1148 | D:2      | Reached *** piety under Trog
  1234 | D:2      | Noticed Natasha
  1242 | D:2      | Killed Natasha
  1455 | D:2      | Found a runed translucent door.
  1456 | D:2      | Noticed Crazy Yiuf
  1463 | D:2      | Killed Crazy Yiuf
  1727 | D:3      | You fall into a shaft and drop 1 floor!
  1740 | D:4      | Reached XP level 6. HP: 62/62 MP: 5/5
  1856 | D:4      | Found an iron altar of Okawaru.
  1884 | D:4      | Identified the +1 ring mail of Crawling {-Cast +Inv rF+
                  | Will+}
  2207 | D:4      | Found a sand-covered staircase.
  2216 | Ossuary  | Entered an ossuary
  2305 | Ossuary  | Reached skill level 5 in Unarmed Combat
  2345 | Ossuary  | Reached **** piety under Trog
  2491 | Ossuary  | Reached XP level 7. HP: 71/71 MP: 6/6
  2824 | D:5      | Entered Level 5 of the Dungeon
  3157 | D:5      | Reached skill level 5 in Fighting
  3164 | D:5      | Reached skill level 5 in Dodging
  3164 | D:5      | Reached skill level 6 in Unarmed Combat
  3354 | D:5      | Identified a scroll of acquirement
  3357 | D:5      | Acquired the ring "Ankix" {Drain rElec rPois Int-3 Stlth+}
  3395 | D:6      | Reached XP level 8. HP: 65/80 MP: 7/7
  3400 | D:6      | Noticed Eustachio
  3408 | D:6      | Killed Eustachio
  3547 | D:6      | Found a shadowy altar of Dithmenos.
  3567 | D:6      | Reached ***** piety under Trog
  3659 | D:6      | Noticed Edmund
  3660 | D:6      | Found a staircase to the Ecumenical Temple.
  3674 | D:6      | Killed Edmund
  3675 | D:6      | Reached skill level 7 in Unarmed Combat
  3807 | D:6      | Found a bloodstained altar of Trog.
  3811 | D:6      | Found an ornate altar of the Wu Jian Council.
  3815 | D:6      | Found a blossoming altar of Fedhas.
  3959 | D:7      | Found Wuivopnim's Book Emporium.
  4026 | D:7      | Found a flagged portal.
  4082 | Bailey   | Entered a bailey
  4082 | Bailey   | Noticed an orc knight
  4083 | Bailey   | Noticed an orc knight
  4083 | Bailey   | Noticed an orc knight
  4094 | Bailey   | HP: 2/83 [orc warrior/+0 halberd (19)]
  4095 | Bailey   | Mangled by an orc warrior

Illustrated notes

Levels and vault maps discovered:
D:1:      dpeg_arrival_solitude, layout_loops_cross,
          hellmonk_ecumenical_altar_pennies_from_heaven,
          chequers_decorated_corner
D:2:      layout_loops_ring, corexii_leaking_fountain, minmay_tripent,
          uniq_crazy_yiuf_cottage, uniq_jessica, uniq_natasha
D:3:      wander_river, layout_rooms, feat_on_display
D:4:      layout_basic, lemuel_doored_altar, enter_ossuary_1
D:5:      layout_rooms
D:6:      layout_rooms, grunt_dithmenos_smoke, grunt_temple_overflow_diamond,
          minmay_temple_entry_junction_2, uniq_eustachio, uniq_edmund
D:7:      layout_gridville, zin_scriptorium, serial_shops, shop, enter_bailey_7
Bailey:   bailey_polearm_4, bailey

Skill      XL: |  1  2  3  4  5  6  7  8 |
---------------+-------------------------+-----
Fighting       | 3 4 5 6 |  6.1
Dodging        | 3 4 5 6 |  6.0
Unarmed Combat | 4 5 6 7 |  7.2

Action                   |  1- 3 |  4- 6 |  7- 9 || total
-------------------------+-------+-------+-------++-------
Melee: Unarmed           |    63 |   189 |   149 ||   401
       Punch             |       |     2 |     1 ||     3
Invok: Berserk           |     3 |    13 |     8 ||    24
  Use: Scroll            |     2 |     4 |     9 ||    15
       Potion            |       |       |     1 ||     1
 Stab: Sleeping          |     2 |       |     1 ||     3
Armor: Animal skin       |    24 |    58 |    39 ||   121
Dodge: Dodged            |    30 |    74 |    82 ||   186

Table legend: (Time is in decaauts)
 A = Elapsed time spent in this place.
 B = Non-inter-level travel time spent in this place.
 C = Inter-level travel time spent in this place.
 D = Time resting spent in this place.
 E = Time spent auto-exploring this place.
 F = Levels seen in this place.
 G = Mean time per level.
                   A        B        C        D        E       F      G
               +--------+--------+--------+--------+--------+-----+--------+
         Total |   4256 |   4101 |    155 |    994 |   2070 |   9 |  472.9 |
       Dungeon |   3754 |   3599 |    155 |    801 |   1923 |   7 |  536.3 |
       Ossuary |    489 |    489 |      0 |    193 |    147 |   1 |  489.0 |
        Bailey |     13 |     13 |      0 |      0 |      0 |   1 |   13.0 |
               +--------+--------+--------+--------+--------+-----+--------+

Top non-repeatable levels by time:
     D:2: 1016 daAuts
     D:4: 653 daAuts
     D:1: 596 daAuts
     D:6: 569 daAuts
     D:5: 549 daAuts
 Ossuary: 489 daAuts
     D:7: 189 daAuts
     D:3: 179 daAuts
  Bailey: 13 daAuts
